 Dungeon Crawl Stone Soup version 0.25.1-2-g60ff931df9 (webtiles) character file.

Game seed: 8186681421463889528

248048 Drachen the Fencer (level 18, -6/158 HPs)
             Began as a Demigod Gladiator on Oct 16, 2020.
             Shot with an arrow by a naga sharpshooter (16 damage)
             ... led by Vashnia
             ... on level 4 of the Snake Pit on Oct 17, 2020.
             The game lasted 03:08:34 (51358 turns).

Drachen the Fencer (Demigod Gladiator)             Turns: 51358, Time: 03:08:34

Health: -6/158     AC: 28    Str: 21    XL:     18   Next: 53%
Magic:  30/30      EV: 27    Int: 10    God:
Gold:   925        SH:  0    Dex: 23    Spells: 13/27 levels left

rFire    + + .     SeeInvis .   N - +2 great sword (freeze)
rCold    x . .     Gourm    .   (shield currently unavailable)
rNeg     . . .     Faith    .   a - +0 fire dragon scales
rPois    +         Spirit   .   C - +2 helmet
rElec    .         Reflect  .   n - +2 cloak {MR+}
rCorr    .         Harm     .   R - +2 pair of gloves
MR       ++...                  G - +2 pair of boots
Stlth    ..........             r - amulet "Plog" {+Blink Regen+}
HPRegen  0.76/turn              v - +4 ring of slaying
MPRegen  0.22/turn              i - +4 ring of evasion

@: hasted, very quick
A: rugged brown scales 1, dopey 1, high mp 1, poison resistance, weak 1
}: 1/15 runes: barnacled
a: Evoke Blink


You were on level 4 of the Snake Pit.
You were not hungry.

You visited 6 branches of the dungeon, and saw 33 of its levels.
You also visited: Sewer, Ossuary, Ice Cave and Volcano.

You collected 2643 gold pieces.
You spent 1718 gold pieces at shops.

Inventory:

Hand Weapons
 e - a +2 great sword of flaming
 w - a +2 long sword of holy wrath
 N - a +2 great sword of freezing (weapon)
 X - the +5 short sword of Jaebobyrph {freeze, rElec}
   (You took it off a merfolk on level 4 of the Shoals)

   It has been specially enchanted to freeze those struck by it, causing extra
   injury to most foes and up to half again as much damage against particularly
   susceptible opponents.
   It can also slow down cold-blooded creatures.
   It insulates you from electricity.
Missiles
 j - 12 throwing nets (quivered)
 y - 107 javelins
Armour
 a - +0 fire dragon scales (worn)
 n - a +2 cloak of magic resistance (worn)
 C - a +2 helmet (worn)
 G - a +2 pair of boots (worn)
 R - a +2 pair of gloves (worn)
 U - +0 ice dragon scales
Jewellery
 i - a +4 ring of evasion (right hand)
 r - the amulet "Plog" (around neck) {+Blink Regen+}
   (You found it in an ice cave)

   [amulet of regeneration]

   It lets you blink.
   It increases your rate of regeneration.
 v - a +4 ring of slaying (left hand)
 D - an uncursed amulet of reflection
 F - an uncursed ring of see invisible
 I - an uncursed ring of resist corrosion
 M - an uncursed amulet of the acrobat
 Z - an uncursed ring of protection from cold
Wands
 b - a wand of digging (2)
 o - a wand of acid (9)
 z - a wand of iceblast (24)
 J - a wand of flame (81)
 O - a wand of disintegration (31)
Scrolls
 g - 5 scrolls of magic mapping
 m - 9 scrolls of teleportation
 t - 10 scrolls of enchant armour
 E - 2 scrolls of blinking
 H - 2 scrolls of fear
 P - 7 scrolls of remove curse
 S - 2 scrolls of silence
 V - a scroll of identify
 W - 3 scrolls of enchant weapon
Potions
 d - 3 potions of berserk rage
 h - 5 potions of ambrosia
 k - 7 potions of curing
 l - 7 potions of flight
 p - 4 potions of haste
 s - 9 potions of might
 u - 8 potions of resistance
 x - a potion of cancellation
 L - 2 potions of mutation
 Q - 3 potions of invisibility
 T - 3 potions of stabbing
Miscellaneous
 c - a tin of tremorstones (3/3)
 q - a phantom mirror
 A - a lightning rod (4/4)
 Y - a phial of floods (inert)
Comestibles
 f - 36 rations
 K - 2 chunks of flesh


   Skills:
 + Level 12.2 Fighting
 + Level 18.2 Long Blades
 - Level 3.0 Throwing
 + Level 13.5 Armour
 + Level 15.5 Dodging
   Level 4.0 Shields
 - Level 5.0 Spellcasting
 + Level 7.5 Translocations
 - Level 7.0 Evocations


You had 13 spell levels left.
You knew the following spells:

 Your Spells              Type           Power        Failure   Level  Hunger
a - Controlled Blink      Tloc           N/A          100%        8    #######
b - Dispersal             Tloc           ###.......   98%         6    #######

Your spell library contained the following spells:

 Spells                   Type           Power        Failure   Level  Hunger
 Gell's Gravitas          Tloc           ###.......   8%          3    ###....
 Portal Projectile        Hex/Tloc       ##....       34%         3    ###....
 Beastly Appendage        Tmut           #.....       50%         1    None
 Shock                    Conj/Air       #...         50%         1    None
 Summon Butterflies       Summ           #.......     50%         1    None
 Summon Small Mammal      Summ           #...         50%         1    None
 Call Imp                 Summ           #.......     63%         2    ##.....
 Ensorcelled Hibernation  Hex/Ice        #.....       63%         2    ##.....
 Sticks to Snakes         Tmut           #.......     63%         2    ##.....
 Swiftness                Chrm/Air       #.......     63%         2    ##.....
 Call Canine Familiar     Summ           #.......     86%         3    ###....
 Confusing Touch          Hex            #.......     86%         3    ###....
 Spider Form              Tmut/Pois      #.........   86%         3    ###....
 Static Discharge         Conj/Air       #.......     86%         3    ###....
 Summon Guardian Golem    Hex/Summ       #.......     86%         3    ###....
 Airstrike                Air            #.........   99%         4    ####...
 Ice Form                 Ice/Tmut       #.......     99%         4    ####...
 Petrify                  Tmut/Erth      #.......     99%         4    ####...
 Summon Ice Beast         Ice/Summ       #.......     99%         4    ####...
 Summon Lightning Spire   Summ/Air       #.......     99%         4    ####...
 Blade Hands              Tmut           #.........   100%        5    ######.
 Borgnjor's Vile Clutch   Necr/Erth      #.........   100%        5    ######.
 Lightning Bolt           Conj/Air       #.........   100%        5    ######.
 Metabolic Englaciation   Hex/Ice        #.........   100%        5    ######.
 Silence                  Hex/Air        #.........   100%        5    ######.
 Summon Mana Viper        Hex/Summ       #.......     100%        5    ######.
 Yara's Violent Unravell  Hex/Tmut       #.........   100%        5    ######.
 Darkness                 Hex            #.........   100%        6    #######
 Shadow Creatures         Summ           N/A          100%        6    #######
 Summon Hydra             Summ           #.........   100%        7    #######
 Disjunction              Tloc           ###.......   100%        8    #######


Dungeon Overview and Level Annotations

Branches:
Dungeon (15/15)            Temple (0/1) D:6            Lair (6/6) D:8
 Shoals (4/4) Lair:3        Snake (4/4) Lair:2        Slime (0/5) Lair:5
    Orc (2/2) D:11            Elf (0/3) Orc:2        Vaults (0/5) D:13
 Depths (2/5) D:15          Sewer (visited)         Ossuary (visited)
  IceCv (visited)         Volcano (visited)

Shops:
D:9 [   Orc:1 }?   Orc:2 =**:   Snake:1 [   Snake:2 }}   Snake:4 :

Portals:
Hell: Depths:1

Annotations:
Lair:5 2 runed translucent doors, weresquid's ghost, journeyman GrGl
Snake:4 3 runed translucent doors, Vashnia; littlecub's ghost, journeyman DsGl


Innate Abilities, Weirdness & Mutations

You have an increased reservoir of magic. (+10% MP)
You are partially covered in rugged brown scales. (AC +1, +3% HP)
You are dopey. (Int -2)
Your system is resistant to poisons. (rPois)
You are weak. (Str -2)


Message History

Unknown command.
Okay, then.
Unknown command.
Press: ? - help, v - describe, . - travel
Here: Vashnia, wielding a +0 longbow of freezing, wearing a +1 naga barding of stealth and quivering 14 arrows (moderately wounded, strong)
An open door, spattered with blood.
Unknown command.
As you read the scroll of fear, it crumbles to dust.
You assume a fearsome visage.
Vashnia looks frightened!
The naga sharpshooter looks frightened! x2
The naga sharpshooter easily resists.
You feel better.
Vashnia points at you and mumbles some strange words.
You blink.
As you read the scroll of fog, it crumbles to dust.
The scroll dissolves into smoke.
The naga sharpshooter gestures wildly while chanting.
The naga sharpshooter magically shoots an arrow.
The arrow hits you!
You die...

##N.#* *..,.#######.... *#.NN.#*
*#........#.....# **..N...#*
##................ *,..N....##
##...........(.....
*,........###...#**............
***,.........#....+,*#...###'###.
*,,,.......(..§§§§#,,#..##.....#.
,,,,........N≈≈§§##,,#..#.....##.
*,,,.....####(§§@#,,,#...........
,,,,....,+(§N)N§§#+###...########
,,**#....##+#)≈..§.....†.#SNNNWN.
,** ##.......≈...........#SNN#N"S
** *.......^...........+SS#.#[N *
*...#####'N###+##...+..S..?.
**..,#......()...##..+..#.#!.
**,,,,#.######(....#..#...#.). *
**,,,,,###....'N)...#..#.......


You could see 3 naga sharpshooters.

Vanquished Creatures
  Polyphemus (Shoals:4)
  2 krakens
  A tengu reaver (Depths:2)
  4 frost giants
  Ilsuiw (Shoals:2)
  2 nagarajas
  A fire giant (D:15)
  Louise (D:15)
  2 orc warlords
  Aizul (Snake:1)
  2 stone giants (Depths:1)
  Azrael (Lair:2)
  A spark wasp (Depths:1)
  9 merfolk javelineers
  A great orb of eyes (Depths:2)
  A yaktaur captain (Depths:2)
  3 ogre magi
  10 merfolk impalers
  8 naga warriors
  2 fire dragons (Depths:1)
  Harold (D:10)
  13 hydras
  An ice dragon (Depths:2)
  Fannar (D:11)
  8 merfolk avatars
  10 anacondas
  5 centaur warriors
  A catoblepas (Shoals:4)
  5 alligator snapping turtles
  5 tengu warriors
  10 two-headed ogres
  The ghost of lllmatko the Fighter, a novice MiBe of Trog (D:8)
  Erica (D:10)
  2 satyrs
  3 merfolk aquamancers
  2 deep troll earth magi
  10 shock serpents
  A spriggan berserker (Depths:1)
  4 orc high priests (Orc:2)
  11 naga sharpshooters
  5 death yaks
  Urug (D:11)
  A hell knight (Volcano)
  14 sea snakes
  3 unseen horrors
  A salamander mystic (Snake:4)
  A wizard (D:15)
  8 naga ritualists
  7 orc knights
  2 necromancers
  A wolf spider (D:15)
  15 harpies
  10 fauns
  5 oklob plants (Lair:6)
  6 orc sorcerers (Orc:2)
  15 mana vipers
  A deep elf mage (D:13)
  13 salamanders
  Maurice (D:11)
  28 ugly things
  9 merfolk sirens
  5 cyclopes
  An ice statue (IceCv)
  12 manticores
  42 black mambas
  7 water nymphs
  2 centaur zombies
  5 gargoyles
  11 elephants
  Psyche (D:10)
  7 guardian serpents
  15 naga magi
  A torpor snail (Lair:6)
  8 spiny frogs
  A smoke demon (Volcano)
  6 rime drakes (Lair:6)
  2 centaur skeletons
  15 komodo dragons
  A yaktaur (shapeshifter) (D:14)
  An efreet (D:14)
  3 tengu conjurers
  39 merfolk
  A harpy skeleton (D:14)
  13 polar bears
  A red devil (Volcano)
  2 hornets (Lair:6)
  3 wind drakes
  4 trolls
  Prince Ribbit (Lair:1)
  10 dream sheep
  25 blink frogs
  6 hippogriffs
  9 snapping turtles
  21 slime creatures
  2 fire elementals
  14 water elementals
  47 yaks
  5 hungry ghosts
  2 vampires
  4 wyverns
  A steam dragon (D:12)
  2 hogs (shapeshifter) (Depths:1)
  4 basilisks
  6 vampire mosquitoes
  5 wargs
  36 nagas
  An acid dragon (D:11)
  An insubstantial wisp (Lair:2)
  3 hell hounds
  21 water moccasins
  7 porcupines
  2 ice beasts
  33 orc warriors
  3 sky beasts
  2 black bears
  4 phantoms
  16 wolves (IceCv)
  An eye of draining (D:14)
  17 ogres
  7 boggarts
  10 centaurs
  2 big kobolds (Sewer)
  19 bullfrogs
  21 crocodiles
  6 scorpions
  18 wights
  28 killer bees
  4 howler monkeys
  5 crimson imps
  A quasit (D:11)
  4 jellies
  30 orc priests
  4 hounds
  2 bullfrog skeletons
  6 iguanas
  19 orc wizards
  Natasha (thrice) (D:2)
  5 worker ants
  3 hound zombies
  13 mummies (Ossuary)
  A hound skeleton (D:5)
  A howler monkey zombie (D:7)
  2 worker ant zombies
  A howler monkey skeleton (D:4)
  4 gnolls
  12 adders
  4 shadow imps
  13 white imps
  4 oozes
  2 adder skeletons
  A worm (D:2)
  5 dart slugs
  4 leopard geckos
  92 orcs
  6 giant cockroaches
  7 goblins
  7 hobgoblins
  17 jackals
  25 kobolds
  6 quokkas
  2 ball pythons (Sewer)
  9 bats
  4 frilled lizards
  A gnoll skeleton (Ossuary)
  2 goblin skeletons (Ossuary)
  4 kobold skeletons (Ossuary)
  An orc skeleton (Ossuary)
  9 rats
  11 rat skeletons (Ossuary)
  2 plants (Lair:6)
  5 tentacles
1290 creatures vanquished.

Vanquished Creatures (others)
  A merfolk impaler (Shoals:4)
  A water nymph (Shoals:4)
  A hell hound (Snake:1)
  A boggart (Depths:2)
  18 fungi
  23 plants
  8 tentacles
53 creatures vanquished.

Grand Total: 1343 creatures vanquished

Notes
Turn   | Place    | Note
-------+----------+-------------------------------------------
     0 | D:1      | Drachen the Demigod Gladiator began the quest for the Orb.
     0 | D:1      | Reached XP level 1. HP: 17/17 MP: 3/3
   176 | D:1      | Reached XP level 2. HP: 10/24 MP: 4/4
   937 | D:1      | Reached skill level 3 in Long Blades
   937 | D:1      | Reached skill level 1 in Armour
   937 | D:1      | Reached XP level 3. HP: 7/29 MP: 5/5
  2134 | D:2      | Reached XP level 4. HP: 37/37 MP: 6/6
  2219 | D:2      | Found a shadowy altar of Dithmenos.
  2502 | D:2      | Found a bloodstained altar of Trog.
  2746 | D:2      | Noticed Natasha
  2757 | D:2      | Killed Natasha
  3123 | D:2      | Noticed Natasha
  3128 | D:2      | Killed Natasha
  3128 | D:2      | Reached XP level 5. HP: 37/44 MP: 7/7
  3285 | D:2      | Found a bloodstained altar of Trog.
  3299 | D:2      | Found a shadowy altar of Dithmenos.
  3625 | D:2      | Noticed Natasha
  3638 | D:2      | Killed Natasha
  4670 | D:4      | Noticed a centaur
  4674 | D:4      | Paralysed by a centaur for 4 turns
  4684 | D:4      | Killed a centaur
  4685 | D:4      | Reached skill level 4 in Long Blades
  4685 | D:4      | Reached XP level 6. HP: 26/51 MP: 8/8
  4856 | D:4      | Found a glowing drain.
  4862 | Sewer    | Entered a sewer
  5126 | Sewer    | Reached skill level 5 in Long Blades
  5464 | D:4      | Reached XP level 7. HP: 57/57 MP: 9/9
  5762 | D:4      | Reached skill level 6 in Long Blades
  5976 | D:4      | You fall into a shaft and drop 1 floor!
  5976 | D:5      | Entered Level 5 of the Dungeon
  6281 | D:5      | Found a stormy altar of Qazlal.
  6320 | D:5      | Reached skill level 7 in Long Blades
  6703 | D:5      | Reached XP level 8. HP: 63/63 MP: 10/10
  6738 | D:5      | Reached skill level 8 in Long Blades
  7805 | D:6      | Reached skill level 9 in Long Blades
  8013 | D:6      | Found a staircase to the Ecumenical Temple.
  9384 | D:7      | Reached XP level 9. HP: 69/69 MP: 11/11
  9481 | D:7      | Reached skill level 10 in Long Blades
  9989 | D:8      | Reached skill level 5 in Dodging
 10138 | D:8      | Found a sand-covered staircase.
 10164 | Ossuary  | Entered an ossuary
 10964 | D:8      | Found a runed translucent gate.
 10964 | D:8      | Found a runed translucent gate.
 10964 | D:8      | Found a runed translucent gate.
 10964 | D:8      | Noticed lllmatko's ghost (novice MiBe)
 10964 | D:8      | Noticed a nine-headed hydra
 11075 | D:8      | Found a staircase to the Lair.
 11380 | D:8      | Killed lllmatko's ghost
 11380 | D:8      | Reached skill level 5 in Armour
 11389 | D:8      | Killed a nine-headed hydra
 11389 | D:8      | Reached skill level 11 in Long Blades
 11389 | D:8      | Reached XP level 10. HP: 34/77 MP: 13/13
 11761 | D:9      | Found Ydeism's Armour Boutique.
 11888 | D:9      | Found a shattered altar of Ashenzari.
 12548 | D:10     | Entered Level 10 of the Dungeon
 12567 | D:10     | Found a glowing golden altar of the Shining One.
 12657 | D:10     | Noticed Erica
 12822 | D:10     | Noticed Psyche
 12838 | D:10     | Killed Psyche
 12961 | D:10     | Reached skill level 5 in Fighting
 13310 | D:10     | Noticed Harold
 13347 | D:10     | Killed Harold
 13347 | D:10     | Reached skill level 12 in Long Blades
 13365 | D:10     | Killed Erica
 13730 | D:10     | Killed an unseen horror
 14246 | D:10     | Reached XP level 11. HP: 86/86 MP: 14/14
 14633 | D:11     | Noticed Fannar
 14665 | D:11     | Killed Fannar
 15004 | D:11     | Noticed Urug
 15022 | D:11     | Killed Urug
 15085 | D:11     | Found a staircase to the Orcish Mines.
 15111 | D:11     | Reached skill level 13 in Long Blades
 15292 | D:11     | Noticed Maurice
 15321 | D:11     | Killed Maurice
 16279 | D:12     | Reached skill level 14 in Long Blades
 16511 | D:12     | Killed an unseen horror
 16511 | D:12     | Reached skill level 1 in Evocations
 17827 | D:13     | Noticed a two-headed ogre
 17835 | D:13     | Killed a two-headed ogre
 17835 | D:13     | Reached XP level 12. HP: 87/95 MP: 17/17
 17855 | D:13     | Found a gate to the Vaults.
 18361 | D:13     | Noticed a centaur warrior
 18372 | D:13     | Killed a centaur warrior
 18423 | D:13     | Noticed an ogre mage
 18443 | D:13     | Killed an ogre mage
 19078 | Lair:1   | Entered Level 1 of the Lair of Beasts
 19568 | Lair:1   | Noticed Prince Ribbit
 19586 | Lair:1   | Killed Prince Ribbit
 19594 | Lair:1   | Noticed a seven-headed hydra
 19602 | Lair:1   | Killed a three-headed hydra
 20245 | Lair:2   | Got a spiked leather armour
 20256 | Lair:2   | Identified the +3 leather armour of Qepoxywk {rN+ MR-
                  | Str+5} (You found it on level 2 of the Lair of Beasts)
 20547 | Lair:2   | Found a staircase to the Snake Pit.
 20754 | Lair:2   | Noticed an eight-headed hydra
 20777 | Lair:2   | Killed a one-headed hydra
 20782 | Lair:2   | Reached XP level 13. HP: 65/107 MP: 12/18
 20987 | Lair:2   | Reached skill level 10 in Dodging
 22201 | Lair:3   | Gained mutation: Your body sometimes deteriorates upon
                  | taking damage. [potion of mutation]
 22201 | Lair:3   | Gained mutation: Your movements are slightly less
                  | encumbered by armour. (ER -2) [potion of mutation]
 22494 | Lair:3   | Found a staircase to the Shoals.
 22734 | Lair:4   | Reached skill level 10 in Fighting
 24096 | Lair:5   | Found a viscous altar of Jiyva.
 24096 | Lair:5   | Found a staircase to the Slime Pits.
 24490 | Lair:5   | Found a large runed translucent door.
 24490 | Lair:5   | Found a large runed translucent door.
 24508 | Lair:5   | Noticed weresquid's ghost (journeyman GrGl)
 24634 | Lair:6   | Entered Level 6 of the Lair of Beasts
 24715 | Lair:6   | Found a dark tunnel.
 24720 | Volcano  | Entered a volcano
 25490 | Lair:6   | Reached XP level 14. HP: 117/121 MP: 19/19
 26174 | Lair:6   | Reached skill level 10 in Armour
 26337 | Lair:6   | Reached skill level 15 in Long Blades
 28406 | Orc:1    | Entered Level 1 of the Orcish Mines
 28454 | Orc:1    | Found Zeptyzesk's Gadget Emporium.
 28568 | Orc:1    | Noticed an orc warlord
 28585 | Orc:1    | Killed an orc warlord
 28778 | Orc:1    | Found Vuetyor's Magic Scroll Emporium.
 28782 | Orc:1    | Bought a scroll of identify for 26 gold pieces
 28887 | Orc:2    | Entered Level 2 of the Orcish Mines
 29289 | Orc:2    | Found a roughly hewn altar of Beogh.
 29444 | Orc:2    | Found Kyhotiy's Book Emporium.
 29518 | Orc:2    | Found Zocuwn's Assorted Antiques.
 29570 | Orc:2    | Bought a pair of translucent boots for 342 gold pieces
 29580 | Orc:2    | Identified the +1 pair of boots of the Past {*Slow rN+++}
                  | (You bought it in a shop on level 2 of the Orcish Mines)
 29952 | Orc:2    | Found a staircase to the Elven Halls.
 30010 | Orc:2    | Noticed an orc warlord
 30037 | Orc:2    | Killed an orc warlord
 30261 | Orc:2    | Found Pinemu Efaif's Jewellery Emporium.
 30359 | Orc:2    | Reached skill level 16 in Long Blades
 30459 | Orc:2    | Found Zacaxola's General Store.
 30478 | Orc:2    | Found a roughly hewn altar of Beogh.
 30638 | Orc:2    | Reached XP level 15. HP: 118/126 MP: 20/20
 31756 | D:14     | Found a blossoming altar of Fedhas.
 32215 | D:15     | Entered Level 15 of the Dungeon
 32287 | D:15     | Found a frozen archway.
 32321 | D:15     | Noticed Louise
 32353 | D:15     | Killed Louise
 32413 | D:15     | Reached skill level 5 in Evocations
 32484 | IceCv    | Entered an ice cave
 32619 | IceCv    | Got a brightly glowing platinum amulet
 32620 | IceCv    | Identified the amulet "Plog" {+Blink Regen+} (You found it
                  | in an ice cave)
 33144 | IceCv    | Identified the +8 glaive "Hydrabane" {pain, *Noise rF+ rN+
                  | Stlth+} (You found it in an ice cave)
 33981 | D:15     | Found a staircase to the Depths.
 33983 | D:15     | Noticed a fire giant
 33998 | D:15     | Killed a fire giant
 34266 | D:15     | Found a burning altar of Makhleb.
 34462 | Depths:1 | Entered Level 1 of the Depths
 34467 | Depths:1 | Lost mutation: Your body sometimes deteriorates upon taking
                  | damage. [potion of mutation]
 34467 | Depths:1 | Lost mutation: Your movements are slightly less encumbered
                  | by armour. (ER -2) [potion of mutation]
 34467 | Depths:1 | Gained mutation: You are dopey. (Int -2) [potion of
                  | mutation]
 34467 | Depths:1 | Gained mutation: You are weak. (Str -2) [potion of
                  | mutation]
 34467 | Depths:1 | Gained mutation: You are partially covered in rugged brown
                  | scales. (AC +1, +3% HP) [potion of mutation]
 34467 | Depths:1 | Gained mutation: Your system is resistant to poisons.
                  | (rPois) [potion of mutation]
 34776 | Depths:1 | Found a gateway to Hell.
 35140 | Depths:1 | Reached XP level 16. HP: 50/138 MP: 24/24
 36219 | Depths:2 | Reached skill level 17 in Long Blades
 37207 | Shoals:1 | Entered Level 1 of the Shoals
 37458 | Orc:2    | Bought a book of the Warp for 1350 gold pieces
 37467 | Orc:2    | Learned a level 8 spell: Controlled Blink
 37798 | Shoals:1 | Reached skill level 1 in Spellcasting
 37830 | Shoals:1 | Reached skill level 1 in Translocations
 38051 | Shoals:1 | Found a runed translucent door.
 39172 | Shoals:2 | Noticed a kraken
 39180 | Shoals:2 | Killed a kraken
 40381 | Shoals:2 | Learned a level 6 spell: Dispersal
 41994 | Shoals:3 | Noticed Ilsuiw
 42127 | Shoals:3 | Identified the amulet of the Priest {Inacc rPois Int+4
                  | Stlth+} (You found it on level 3 of the Shoals)
 42299 | Shoals:2 | Killed Ilsuiw
 42702 | Shoals:4 | Entered Level 4 of the Shoals
 42822 | Shoals:3 | Reached XP level 17. HP: 133/145 MP: 26/26
 42852 | Shoals:4 | HP: 5/145 [merfolk/+1 trident of distortion (12)]
 43457 | Shoals:4 | Got a barnacled rune of Zot
 43851 | Shoals:4 | Noticed Polyphemus
 43876 | Shoals:4 | Killed Polyphemus
 44797 | Shoals:4 | Reached skill level 5 in Translocations
 44799 | Shoals:4 | Identified the +5 short sword of Jaebobyrph {freeze, rElec}
 45996 | Snake:1  | Entered Level 1 of the Snake Pit
 46020 | Snake:1  | Noticed Azrael
 46209 | Lair:2   | Killed Azrael
 46366 | Snake:1  | Reached skill level 5 in Spellcasting
 47754 | Snake:1  | Reached skill level 15 in Dodging
 47905 | Snake:1  | Found Kulad's Armour Shoppe.
 47934 | Snake:2  | Noticed Aizul
 47969 | Snake:1  | Killed Aizul
 48873 | Snake:2  | Reached XP level 18. HP: 156/156 MP: 30/30
 48893 | Snake:2  | You fall into a shaft and drop 1 floor!
 49043 | Snake:3  | Reached skill level 18 in Long Blades
 49167 | Snake:2  | Found Utwoteq's Jewellery Shop.
 49168 | Snake:2  | Found Wiyrr's Gadget Shoppe.
 49168 | Snake:2  | Found Eklick's Gadget Shoppe.
 50664 | Snake:4  | Entered Level 4 of the Snake Pit
 50937 | Snake:4  | Found Zywerarr's Book Emporium.
 51081 | Snake:4  | Found a runed translucent gate.
 51082 | Snake:4  | Found a runed translucent gate.
 51087 | Snake:4  | Found a runed translucent gate.
 51087 | Snake:4  | Noticed littlecub's ghost (journeyman DsGl)
 51312 | Snake:4  | Noticed Vashnia
 51355 | Snake:4  | HP: 3/158 [Vashnia/arrow (7)]
 51358 | Snake:4  | Shot with an arrow by a naga sharpshooter

Illustrated notes

Levels and vault maps discovered:
D:1:      lightli_iron_boxes, layout_basic
D:2:      layout_basic, old_standard_altar, grunt_dithmenos_smoke_and_mirrors,
          uniq_natasha
D:3:      layout_loops_ring
D:4:      layout_basic, gup_sewer_entry_bubbles
D:5:      layout_gridville, first_ration, nicolae_qazlal_general_emergency
D:6:      layout_layer_cave, minmay_temple_entry_overgrown
D:7:      layout_loops_ring
D:8:      layout_basic, grunt_lair_entry_orc_guard_hut, enter_ossuary_3,
          gammafunk_ghost_hydra_chop
D:9:      layout_rooms, serial_shops, shop_fountains, basic_altar,
          grunt_ogre_cave, ebering_dispersal_statue_hall
D:10:     layout_loops_corners, nicolae_tso_carved_into_rock, uniq_psyche,
          uniq_erica, uniq_harold
D:11:     layout_roguey, david_orc_3, uniq_fannar, uniq_urug, uniq_maurice
D:12:     layout_rooms
D:13:     layout_irregular_city, david_vaults_1
D:14:     layout_loops_ring, fedhas_altar_3
D:15:     grunt_enter_depths_giant_problem, layout_cave_pools,
          portal_ice_cave_entry_imps, skrybe_limestone_x,
          makhleb_altar_promises_db, uniq_louise
Lair:1:   layout_regular_city, uniq_prince_ribbit2
Lair:2:   layout_loops_ring, minmay_snake_entry_spellcaster, pond
Lair:3:   layout_regular_city, elwin_shoals_entry_stream
Lair:4:   layout_loops_ring, grunt_megastairs_1, lemuel_fruit_tree,
          infiniplex_staircase_pool_2
Lair:5:   layout_big_grid, dpeg_slime_entry_enclosed_altar,
          ebering_ghost_disaster_area, st_stairs_5, minivault_19
Lair:6:   gammafunk_lair_ancient_temple, layout_long_grid, enter_volcano_4,
          dpeg_oklob_1
Shoals:1: layout_shoals, lightli_airlock
Shoals:2: layout_shoals
Shoals:3: layout_shoals, uniq_ilsuiw
Shoals:4: shoals_end_grunt_ice, layout_shoals, uniq_polyphemus
Snake:1:  layout_honeycomb, serial_shops, nicolae_shop_behind_doors, uniq_azrael
Snake:2:  layout_onion, minmay_shop_grove, uniq_aizul
Snake:3:  layout_gridlike, grunt_megastairs_2
Snake:4:  snake_pit, layout_cave_town, serial_shops, shop,
          gammafunk_ghost_split, uniq_vashnia
Orc:1:    layout_caves, serial_shops, shop,
          nicolae_shop_temple_entry_statues_fountains, shop, ebering_ghost_xom
Orc:2:    pubby_orc_utopia, serial_shops
Depths:1: layout_cave_shapes, hangedman_coc_ice_floe, minmay_stone_trees_small,
          hangedman_corner_corridor
Depths:2: minmay_nested_s, layout_cave_pools, hell_entry,
          rand_demon_pan_entry_7, serial_bayou_pond_a, uniq_enchantress,
          uniq_sojobo

Skill      XL: |  1  2  3  4  5  6  7  8  9 10 11 12 13 14 15 16 17 18 |
---------------+-------------------------------------------------------+-----
Fighting       | 2 3 5 8 10 11 12 | 12.2
Throwing       | 2 3 |  3.0
Long Blades    | 3 4 5 7 9 11 12 14 16 17 18 | 18.2
Armour         | 1 2 3 5 7 9 10 11 12 13 | 13.5
Dodging        | 3 4 6 7 9 11 12 13 14 15 | 15.5
Shields        | 3 4 |  4.0
Evocations     | 2 3 6 7 |  7.0
Spellcasting   | 3 5 |  5.0
Translocations | 3 6 7 |  7.5

Action                   |  1- 3 |  4- 6 |  7- 9 | 10-12 | 13-15 | 16-18 || total
-------------------------+-------+-------+-------+-------+-------+-------++-------
Melee: Long sword        |   109 |    88 |   105 |    86 |    23 |       ||   411
       Dagger            |       |    78 |    32 |    10 |       |       ||   120
       Short sword       |       |       |   222 |   393 |       |    17 ||   632
       Scimitar          |       |       |       |   305 |   374 |       ||   679
       Great sword       |       |       |       |       |  1184 |  1631 ||  2815
Throw: Throwing net      |     4 |     3 |     1 |     1 |       |     2 ||    11
       Javelin           |       |       |     1 |     2 |    48 |    11 ||    62
       Dart              |       |       |       |    35 |       |       ||    35
 Abil: Evoke Blink       |       |       |       |       |       |     1 ||     1
Evoke: Wand              |       |       |     7 |     7 |    31 |     4 ||    49
       Phial of floods   |       |       |       |     1 |     2 |     1 ||     4
       Tin of tremorston |       |       |       |     3 |       |     1 ||     4
       Lightning rod     |       |       |       |       |       |     7 ||     7
       Box of beasts     |       |       |       |       |       |     1 ||     1
  Use: Scroll            |       |     8 |     9 |     8 |    18 |    13 ||    56
       Potion            |       |       |     6 |     7 |    14 |     9 ||    36
 Stab: Sleeping          |     2 |     5 |     2 |       |       |       ||     9
       Held in net/web   |     2 |       |       |     2 |       |     3 ||     7
       Distracted        |       |       |     1 |       |       |       ||     1
       Paralysed         |       |       |     2 |       |       |       ||     2
       Invisible         |       |       |       |     2 |       |     9 ||    11
  Eat: Chunk             |     4 |     7 |     4 |    24 |    33 |    38 ||   110
       Ration            |       |     1 |     5 |     2 |     5 |     5 ||    18
Armor: Leather armour    |    29 |    48 |    33 |     5 |     2 |       ||   117
       Scale mail        |       |       |    34 |   173 |       |       ||   207
       Chain mail        |       |       |       |    11 |   512 |       ||   523
       Fire dragon scale |       |       |       |       |     1 |   311 ||   312
       Ice dragon scales |       |       |       |       |       |   306 ||   306
Dodge: Dodged            |    80 |   129 |   152 |   309 |  1309 |  2058 ||  4037
Block: Other             |       |       |    59 |    23 |    68 |    34 ||   184
       Reflection        |       |       |     1 |     8 |     2 |       ||    11
       Buckler           |       |       |       |   208 |   127 |       ||   335
       Rpst.: Long sword |    23 |    22 |     9 |     4 |     4 |       ||    62
       Scimitar          |       |       |       |    25 |    46 |       ||    71
       Great sword       |       |       |       |       |   283 |   386 ||   669
